 Dungeon Crawl Stone Soup version 0.18.1-6-gd335043 (webtiles) character file.

1210 Kidiri the Chucker (level 8, -5/78 HPs)
             Began as a Troll Hunter on May 15, 2016.
             Was a Believer of Qazlal.
             Slain by a gnoll
             ... wielding a +0 halberd
              (8 damage)
             ... while paralysed
             ... on level 4 of the Dungeon.
             The game lasted 00:17:11 (4572 turns).

Kidiri the Chucker (Troll Hunter)                   Turns: 4572, Time: 00:17:11

Health: -5/78      AC:  6    Str: 22    XL:     8   Next: 22%
Magic:  8/8        EV:  1    Int:  7    God:    Qazlal [**....]
Gold:   135        SH:  0    Dex: 11    Spells: 0 memorised, 7 levels left

rFire  . . .     SeeInvis .       - Unarmed
rCold  . . .     Gourm    +     b - +0 robe
rNeg   . . .     Faith    .     (no shield)
rPois  .         Spirit   .     (helmet restricted)
rElec  .         Dismiss  .     v - +0 cloak
rCorr  .         Reflect  .     (gloves unavailable)
SustAt .         Harm     .     (boots unavailable)
MR     .....                    o - amulet of rage
Stlth  +.........               (no ring)
                                s - ring of wizardry

@: paralysed, fainting, not resistant to hostile enchantments, very unstealthy
A: unfitting armour, claws 3, fast metabolism 3, gourmand, regeneration 2,
shaggy fur 1, tough skin 2
a: Upheaval, Renounce Religion, Evoke Berserk Rage


You were on level 4 of the Dungeon.
You worshipped Qazlal.
Qazlal was pleased with you.
You were fainting.

You visited 1 branch of the dungeon, and saw 4 of its levels.
You visited the Abyss 1 time.

You collected 135 gold pieces.

Inventory:

Hand Weapons
 u - a cursed -2 mace
Armour
 b - a +0 robe (worn)
 v - a +0 cloak (worn)
Jewellery
 a - an uncursed amulet of dismissal
 o - an amulet of rage (around neck)
 s - a ring of wizardry (left claw)
Scrolls
 c - a scroll of amnesia
 l - a scroll of enchant weapon
 p - a scroll of fog {unknown}
 r - a scroll of immolation
Potions
 g - 2 potions of curing
 k - a potion of flight
 t - a potion of resistance
Comestibles
 d - 9 chunks of flesh
 f - 9 bread rations
 i - 4 slices of pizza
 j - 2 meat rations
 q - 3 beef jerkies
 w - 3 fruits


   Skills:
 * Level 3.8 Fighting
 + Level 1.8 Maces & Flails
 * Level 5.7 Throwing
 + Level 2.2 Armour
 * Level 3.9 Dodging
 - Level 0.4 Stealth
 + Level 2.3 Unarmed Combat
 + Level 2.1 Invocations
 + Level 1.5 Evocations


You had 7 spell levels left.
You didn't know any spells.

Dungeon Overview and Level Annotations

Branches:
Dungeon (4/15)
 Temple: D:4-7

Altars:
Dithmenos
Elyvilon
Gozag
Qazlal
Sif Muna
The Shining One


Innate Abilities, Weirdness & Mutations

You are too large for most types of armour.
You have claws for hands.
Your metabolism is lightning-fast.
You like to eat raw meat.
You heal very quickly.
You are covered in fur (AC +1).
You have very tough skin (AC +2).


Message History

The gnoll is moderately wounded.
The gnoll closely misses you.
You completely miss the gnoll.
The gnoll is moderately wounded.
The gnoll closely misses you.
You scratch the gnoll but do no damage.
The gnoll is moderately wounded.
You lose consciousness!
The gnoll hits you with a halberd! The gnoll hits you but does no damage.
The gnoll hits you with a halberd!
* * * LOW HITPOINT WARNING * * *
The gnoll hits you with a halberd.
* * * LOW HITPOINT WARNING * * *
The gnoll hits you with a halberd!
* * * LOW HITPOINT WARNING * * *
The gnoll hits you with a halberd!
* * * LOW HITPOINT WARNING * * *
The gnoll hits you with a halberd!
You die...

........##.....##.......##.......
........####.####.#.....####.....
...####...........#.....# #.#..#
.......)....#..########## #.##.#
.#.#####.......### #.##.# ...#
##.#..(...# #..... .).#
#.####.#.# ####.# )..# #.####.#.#
#.# .).# #......#@# #.#
.#)#############g# #######.#
.#......#######..########.......#
))......).)...........).÷........
≈≈≈≈≈≈≈≈≈≈≈≈≈....≈≈≈≈≈≈≈)≈≈≈≈≈≈≈≈
≈≈≈≈≈≈≈≈≈≈≈≈≈....≈≈≈≈≈≈≈≈≈≈≈≈≈≈≈≈
#g≈g≈≈≈≈≈≈≈≈≈....≈≈≈≈≈≈≈≈≈≈≈≈####
#............................#gg.
#############''''#############...


You could see a gnoll.

Vanquished Creatures
  A hungry ghost (D:4)
  An ice beast (D:3)
  A black bear (D:4)
  2 gnoll sergeants (D:4)
  2 gnoll shamans (D:4)
  An orc priest (D:4)
  4 orc wizards
  41 gnolls
  4 adders
  An ooze (D:3)
  An adder skeleton (D:4)
  2 worms
  3 dart slugs
  5 giant geckos
  10 orcs
  4 giant cockroaches
  9 goblins
  7 hobgoblins
  21 jackals
  5 kobolds
  A quokka (D:2)
  7 bats
  4 giant newts
  8 rats
145 creatures vanquished.

Notes
Turn   | Place    | Note
--------------------------------------------------------------
     0 | D:1      | Kidiri the Troll Hunter began the quest for the Orb.
     0 | D:1      | Reached XP level 1. HP: 19/19 MP: 0/0
   167 | D:1      | Reached XP level 2. HP: 27/28 MP: 1/1
   736 | D:2      | Reached skill level 4 in Throwing
   736 | D:2      | Reached XP level 3. HP: 35/35 MP: 2/2
  1018 | D:2      | Reached XP level 4. HP: 42/42 MP: 3/3
  1477 | D:2      | Found a white marble altar of Elyvilon.
  1897 | D:3      | Reached skill level 1 in Armour
  1899 | D:3      | Found a stormy altar of Qazlal.
  1924 | D:3      | Became a worshipper of Qazlal Stormbringer
  2138 | D:3      | Noticed an ice beast
  2142 | D:3      | Reached XP level 5. HP: 50/50 MP: 4/4
  2151 | D:3      | Killed an ice beast
  2151 | D:3      | Reached skill level 1 in Unarmed Combat
  2316 | D:3      | Reached XP level 6. HP: 59/59 MP: 5/5
  2522 | D:3      | Found a glowing golden altar of the Shining One.
  2765 | D:4      | Reached skill level 5 in Throwing
  2765 | D:4      | Reached skill level 1 in Invocations
  2775 | D:4      | Found an opulent altar of Gozag.
  2995 | D:4      | Found a shadowy altar of Dithmenos.
  3109 | D:4      | Reached * piety under Qazlal
  3309 | D:4      | Reached skill level 1 in Evocations
  3317 | D:4      | Reached XP level 7. HP: 67/67 MP: 5/7
  3333 | D:4      | Reached skill level 1 in Maces & Flails
  3346 | D:4      | Cast into level 1 of the Abyss (gnoll)
  3478 | Abyss:1  | Noticed a hungry ghost
  3488 | D:4      | Escaped the Abyss
  3898 | D:4      | Reached ** piety under Qazlal
  3941 | D:4      | Found a deep blue altar of Sif Muna.
  4376 | D:4      | Reached XP level 8. HP: 52/76 MP: 8/8
  4564 | D:4      | Paralysed by fainting for 8 turns
  4571 | D:4      | HP: 3/78 [gnoll/halberd (7)]
  4572 | D:4      | Slain by a gnoll

Skill      XL: |  1  2  3  4  5  6  7 |
---------------+----------------------+-----
Throwing       | 4 5 |  5.7
Dodging        | 2 3 |  3.9
Fighting       | 2 3 |  3.8
Armour         | 1 2 |  2.2
Unarmed Combat | 1 2 |  2.3
Invocations    | 1 2 |  2.1
Evocations     | 1 |  1.5
Maces & Flails | 1 |  1.8
Stealth        | |  0.4

Action                   |  1- 3 |  4- 6 |  7- 9 || total
-------------------------+-------+-------+-------++-------
Melee: Unarmed           |    72 |   180 |   227 ||   479
       Punch             |       |       |     1 ||     1
Throw: Large rock        |    14 |    37 |       ||    51
       Throwing net      |     1 |     2 |       ||     3
Invok: Upheaval          |       |       |     2 ||     2
 Abil: Evoke Berserk Rag |       |     1 |     1 ||     2
  Use: Scroll            |       |     8 |     4 ||    12
       Potion            |       |     4 |     2 ||     6
 Stab: Sleeping          |       |     2 |       ||     2
  Eat: Chunk             |    15 |    21 |    17 ||    53
Armor: Robe              |    37 |    60 |    57 ||   154
Dodge: Dodged            |    56 |   124 |   125 ||   305
Block: Other             |       |       |    20 ||    20
